Flyers vs Predators

Created - November 27, 2016 at 10:47

Goals
1 2 3 T
Flyers 2 0 3 5
Predators 1 1 2 4
Shots
1 2 3 T
Flyers 7 7 17 31
Predators 9 5 15 29

1st period

1. Flyers , Andre Burakovsky 5 (Calle Jarnkrok, Alexander Killorn) at 5:14 (PP)
2. Predators , Vladislav Namestnikov 6 (Nicklas Backstrom, Oscar Klefbom) at 8:49
3. Flyers , Marcus Johansson 6 (Calle Jarnkrok, Alexander Killorn) at 13:22

Penalties :
Joe Colborne (NSH) for Hooking (Minor) at 1:15, Phillip Di Giuseppe (NSH) for High sticking (Minor) at 4:14, Jonathan Ericsson (PHI) for Hooking (Minor) at 10:57, Dan Boyle (PHI) for Diving (Minor) at 17:00, J.T. Miller (NSH) for Hooking (Minor) at 19:39

2nd period

4. Predators , Nicklas Backstrom 5 (Steven Stamkos, Zbynek Michalek) at 14:43

Penalties :
Oscar Klefbom (NSH) for Roughing (Minor) at 4:17, Oscar Klefbom (NSH) for Boarding (Minor) at 9:55

3rd period

5. Predators , Steven Stamkos 13 (Nicklas Backstrom, Vladislav Namestnikov) at 1:44
6. Predators , Steven Stamkos 14 (Nicklas Backstrom, John Moore) at 5:26
7. Flyers , Shawn Matthias 6 (Marcus Johansson, Jean-Gabriel Pageau) at 9:50
8. Flyers , Marcus Johansson 7 (Jean-Gabriel Pageau) at 11:08 (PP)
9. Flyers , Shawn Matthias 7 (Casey Cizikas) at 13:38

Penalties :
Klas Dahlbeck (NSH) for Hooking (Minor) at 2:14, Alexander Killorn (PHI) for Hooking (Minor) at 5:34, Zbynek Michalek (NSH) for Cross-checking (Minor) at 7:48, Zbynek Michalek (NSH) for Interference (Minor) at 10:18

Goalie Stats

Devan Dubnyk (PHI), 25 saves from 29 shots - (0.862), W, 9-8-0, 60:00 minutes
Pekka Rinne (NSH), 26 saves from 31 shots - (0.839), L, 9-9-2, 59:00 minutes

Players Stats for Flyers

Player Name              G  A  P  +/- PIM S  H  SB GA TA FO     MP     PP MP  PK MP  
------------------------------------------------------------------------------------
Alexander Killorn        0  2  2   0  2   3  4  0  0  0  0/0    19:37   6:34   0:00 
Andre Burakovsky         1  0  1  -3  0   4  2  0  0  0  1/2    19:53   6:34   0:00 
Andrew MacDonald         0  0  0   0  0   0  0  1  0  0  0/0    18:21   0:31   3:40 
Ben Hutton               0  0  0  -1  0   0  0  1  0  0  0/0    22:26   6:23   3:48 
Brian Gionta             0  0  0  -3  0   3  0  0  0  0  1/2    16:18   0:00   2:59 
Brooks Orpik             0  0  0   0  0   0  0  0  0  0  0/0     0:28   0:00   0:00 
Calle Jarnkrok           0  2  2   0  0   1  0  0  0  0  7/25   19:38   6:34   0:00 
Casey Cizikas            0  1  1   1  0   2  1  1  0  0  10/18  12:09   0:00   2:59 
Chris VandeVelde         0  0  0   1  0   0  0  0  0  0  4/13    7:44   0:00   2:58 
Damon Severson           0  0  0   0  0   2  2  2  0  0  0/0    21:17   7:21   0:02 
Dan Boyle                0  0  0  -3  2   0  2  1  0  0  0/0    24:33   5:52   1:34 
Jean-Gabriel Pageau      0  2  2  -3  0   2  4  0  0  0  17/24  20:29   7:10   0:00 
Joel Ward                0  0  0   1  0   2  0  0  0  0  1/1    16:20   7:10   0:00 
Jonathan Ericsson        0  0  0   2  2   1  0  1  0  0  0/0    10:00   0:00   1:28 
Marcus Johansson         2  1  3   0  0   3  0  0  0  0  1/1    20:03   7:10   0:00 
Matt Hendricks           0  0  0   1  0   2  0  0  0  0  1/2     7:55   0:00   2:58 
Ryan Ellis               0  0  0   0  0   2  1  2  0  0  0/0    22:53   7:21   1:22 
Shawn Matthias           2  0  2   2  0   4  1  0  0  0  0/0    13:56   0:00   0:00 

Players Stats for Predators

Player Name              G  A  P  +/- PIM S  H  SB GA TA FO     MP     PP MP  PK MP  
------------------------------------------------------------------------------------
Derick Brassard          0  0  0   0  0   2  0  0  0  0  10/14  13:29   0:00   0:03 
J.T. Miller              0  0  0  -1  2   1  1  0  0  0  7/10   12:38   2:22   7:13 
Jaden Schwartz           0  0  0   0  0   1  0  0  0  0  2/3    19:12   2:22   9:44 
Joe Colborne             0  0  0  -1  2   0  0  1  0  0  4/12   13:07   0:00   2:31 
John Moore               0  1  1   0  0   1  0  0  0  0  0/0    14:04   0:06   3:13 
Jordie Benn              0  0  0   1  0   0  2  0  0  0  0/0    20:05   3:16   1:50 
Kevin Hayes              0  0  0   0  0   0  0  0  0  0  0/0     0:00   0:00   0:00 
Klas Dahlbeck            0  0  0   0  2   0  3  0  0  0  0/0    20:10   2:35   6:51 
Max Pacioretty           0  0  0   0  0   3  2  0  0  0  2/4    19:45   2:22   3:57 
Nicklas Backstrom        1  3  4   2  0   6  0  0  0  0  3/4    16:16   0:00   0:00 
Oscar Klefbom            0  1  1   0  4   0  1  4  0  0  0/0    18:18   0:06   3:39 
Phillip Di Giuseppe      0  0  0  -1  2   0  0  0  0  0  0/0     3:30   0:00   0:00 
Steven Stamkos           2  1  3   2  0   6  1  0  0  0  10/25  19:51   3:35   0:00 
T.J. Oshie               0  0  0   0  0   4  3  0  0  0  0/1    13:26   0:00   0:00 
Vincent Trocheck         0  0  0   0  0   2  0  0  0  0  6/13   15:05   3:35   3:57 
Vladislav Namestnikov    1  1  2   2  0   2  0  0  0  0  1/2    19:54   3:35   0:03 
Zach Bogosian            0  0  0   1  0   0  0  1  0  0  0/0    27:27   3:16   8:21 
Zbynek Michalek          0  1  1   0  4   1  7  1  0  0  0/0    19:51   2:35   3:34 

3 Stars

1 - Steven Stamkos (NSH)
2 - Nicklas Backstrom (NSH)
3 - Shawn Matthias (PHI)

Power Play

Flyers - 2 on 8 Attempt(s) - 25.00%
Predators - 0 on 3 Attempt(s) - 0.00%

Penalty Kill

Flyers - 3 on 3 Attempt(s) - 100.00% - Score 0 goal in Penalty Kill
Predators - 6 on 8 Attempt(s) - 75.00% - Score 0 goal in Penalty Kill

Team Stat

Flyers - Hits : 17 - Faceoff Wins : 43 - Blocked Shots : 9 - Penalty Minutes : 6
Predators - Hits : 20 - Faceoff Wins : 45 - Blocked Shots : 7 - Penalty Minutes : 16

Official

Referees : Tom Kowal and Kelly Sutherland
Linesman : Ryan Gibbons and Trent Knorr

Game Notes

Brooks Orpik is injured at 0:50 of 1st period (Left Knee)
J.T. Miller is injured at 10:20 of 3rd period (Left Knee)

Finance

Level 1 -- Attendance: 4414 (67.91%) -- Ticket Income $529,680
Level 2 -- Attendance: 5000 (100.00%) -- Ticket Income $400,000
Level 3 -- Attendance: 2929 (83.69%) -- Ticket Income $146,450
Level 4 -- Attendance: 1113 (100.00%) -- Ticket Income $46,746
Luxury Box -- Attendance: 962 (96.20%) -- Ticket Income $177,970
Game was played at the Bridgestone Arena.
Total Attendance: 14418 (84.25%)
Total Ticket Income: $1,300,846
Other Income: $195,127
Total Income: $1,495,973

% Time on Ice - Flyers

Lines # - Real PCT - Wanted PCT - Time Play
Normal Forward
1 - 33% - 32% - 13:19
2 - 32% - 32% - 12:53
3 - 23% - 24% - 9:10
4 - 12% - 12% - 4:46
Normal Defense
1 - 35% - 32% - 14:10
2 - 35% - 32% - 13:54
3 - 19% - 24% - 7:39
4 - 11% - 12% - 4:25
PP Forward
1 - 52% - 50% - 7:10
2 - 48% - 50% - 6:34
PP Defense
1 - 54% - 55% - 7:21
2 - 46% - 45% - 6:23
PK Forward
1 - 50% - 50% - 2:59
2 - 50% - 50% - 2:58
PK Defense
1 - 62% - 55% - 3:40
2 - 38% - 45% - 2:17
PK3 Forward
1 - 0% - 60%
2 - 0% - 40%
PK3 Defense
1 - 0% - 60%
2 - 0% - 40%
44 Forward
1 - 0% - 50%
2 - 0% - 50%
44 Defense
1 - 0% - 50%
2 - 0% - 50%
Last Minute Offensive  - 0:00
Last Minute Defensive  - 0:11
Total
Forward - 60:00
Defense - 60:00

% Time on Ice - Predators

Lines # - Real PCT - Wanted PCT - Time Play
Normal Forward
1 - 40% - 40% - 16:16
2 - 33% - 30% - 13:26
3 - 18% - 20% - 7:06
4 - 9% - 10% - 3:31
Normal Defense
1 - 37% - 40% - 14:59
2 - 34% - 30% - 13:44
3 - 27% - 20% - 10:45
4 - 2% - 10% - 0:51
PP Forward
1 - 60% - 60% - 3:35
2 - 40% - 40% - 2:22
PP Defense
1 - 57% - 60% - 3:22
2 - 43% - 40% - 2:35
PK Forward
1 - 71% - 60% - 9:47
2 - 29% - 40% - 3:57
PK Defense
1 - 52% - 60% - 7:07
2 - 48% - 40% - 6:37
PK3 Forward
1 - 0% - 60%
2 - 0% - 40%
PK3 Defense
1 - 0% - 60%
2 - 0% - 40%
44 Forward
1 - 0% - 60%
2 - 0% - 40%
44 Defense
1 - 0% - 60%
2 - 0% - 40%
Last Minute Offensive  - 0:00
Last Minute Defensive  - 0:00
Total
Forward - 60:00
Defense - 60:00

Play by Play

1st period


0:01 of 1st period - Jean-Gabriel Pageau wins face-off versus Steven Stamkos in neutral zone.
0:05 of 1st period - Brian Gionta is hit by Jordie Benn and loses puck.
0:13 of 1st period - Jean-Gabriel Pageau is hit by Jordie Benn and loses puck.
0:22 of 1st period - Shot by Brian Gionta.
0:22 of 1st period - Stopped by Pekka Rinne without a rebound.
0:23 of 1st period - Derick Brassard wins face-off versus Calle Jarnkrok in Predators zone.
0:44 of 1st period - T.J. Oshie is hit by Alexander Killorn and loses puck.
0:49 of 1st period - Brooks Orpik is hit by T.J. Oshie and loses puck.
0:50 of 1st period - Brooks Orpik from Flyers is injured at 0:50 of 1st period (Left Knee).
0:51 of 1st period - Vincent Trocheck wins face-off versus Casey Cizikas in Flyers zone.
0:56 of 1st period - Shot by Jaden Schwartz.
0:56 of 1st period - Shot Misses the Net.
0:58 of 1st period - Shot by Joe Colborne.
0:58 of 1st period - Shot Blocked by Dan Boyle.
1:15 of 1st period - Minor Penalty to Joe Colborne for Hooking.
1:16 of 1st period - J.T. Miller wins face-off versus Calle Jarnkrok in Predators zone.
1:16 of 1st period - J.T. Miller is hit by Andre Burakovsky.
3:14 of 1st period - Shot by Alexander Killorn.
3:14 of 1st period - Stopped by Pekka Rinne without a rebound.
3:15 of 1st period - Matt Hendricks wins face-off versus Steven Stamkos in Predators zone.
3:51 of 1st period - Chris VandeVelde is hit by Klas Dahlbeck and loses puck.
3:55 of 1st period - Icing by Nicklas Backstrom.
3:56 of 1st period - Brian Gionta wins face-off versus Vladislav Namestnikov in Predators zone.
3:56 of 1st period - Andre Burakovsky is hit by Klas Dahlbeck and loses puck.
4:14 of 1st period - Minor Penalty to Phillip Di Giuseppe for High sticking.
4:15 of 1st period - Jean-Gabriel Pageau wins face-off versus J.T. Miller in Predators zone.
5:12 of 1st period - Shot by Calle Jarnkrok.
5:12 of 1st period - Shot Misses the Net.
5:14 of 1st period - Shot by Andre Burakovsky.
5:14 of 1st period - Goal by Andre Burakovsky - Flyers : 1 - Predators : 0.
5:15 of 1st period - Derick Brassard wins face-off versus Chris VandeVelde in neutral zone.
5:26 of 1st period - Shot by T.J. Oshie.
5:26 of 1st period - Stopped by Devan Dubnyk without a rebound.
5:27 of 1st period - Steven Stamkos wins face-off versus Calle Jarnkrok in Flyers zone.
5:37 of 1st period - Icing by Jonathan Ericsson.
5:38 of 1st period - Calle Jarnkrok wins face-off versus Derick Brassard in Flyers zone.
6:09 of 1st period - Shot by Alexander Killorn.
6:09 of 1st period - Shot Misses the Net.
6:11 of 1st period - Shot by Marcus Johansson.
6:11 of 1st period - Shot Misses the Net.
8:22 of 1st period - Shot by Alexander Killorn.
8:22 of 1st period - Stopped by Pekka Rinne without a rebound.
8:23 of 1st period - Jean-Gabriel Pageau wins face-off versus Steven Stamkos in Predators zone.
8:25 of 1st period - Andre Burakovsky is hit by Zbynek Michalek and loses puck.
8:29 of 1st period - Icing by Nicklas Backstrom.
8:30 of 1st period - Jean-Gabriel Pageau wins face-off versus Nicklas Backstrom in Predators zone.
8:49 of 1st period - Shot by Vladislav Namestnikov.
8:49 of 1st period - Goal by Vladislav Namestnikov - Flyers : 1 - Predators : 1.
8:50 of 1st period - Vincent Trocheck wins face-off versus Calle Jarnkrok in neutral zone.
9:26 of 1st period - Shot by Vincent Trocheck.
9:26 of 1st period - Shot Misses the Net.
10:33 of 1st period - Shot by Steven Stamkos.
10:33 of 1st period - Stopped by Devan Dubnyk without a rebound.
10:34 of 1st period - Casey Cizikas wins face-off versus Joe Colborne in Flyers zone.
10:54 of 1st period - Icing by Damon Severson.
10:55 of 1st period - Steven Stamkos wins face-off versus Casey Cizikas in Flyers zone.
10:57 of 1st period - Minor Penalty to Jonathan Ericsson for Hooking.
10:58 of 1st period - Vincent Trocheck wins face-off versus Chris VandeVelde in Flyers zone.
11:14 of 1st period - Icing by Klas Dahlbeck.
11:15 of 1st period - Casey Cizikas wins face-off versus Steven Stamkos in Predators zone.
11:50 of 1st period - Shot by Casey Cizikas.
11:50 of 1st period - Shot Misses the Net.
12:45 of 1st period - Ryan Ellis is hit by J.T. Miller and loses puck.
12:57 of 1st period - Icing by John Moore.
12:58 of 1st period - Derick Brassard wins face-off versus Calle Jarnkrok in Predators zone.
12:58 of 1st period - Derick Brassard is hit by Alexander Killorn.
13:06 of 1st period - Shot by T.J. Oshie.
13:06 of 1st period - Stopped by Devan Dubnyk without a rebound.
13:07 of 1st period - Joe Colborne wins face-off versus Calle Jarnkrok in Flyers zone.
13:10 of 1st period - Shot by Phillip Di Giuseppe.
13:10 of 1st period - Shot Misses the Net.
13:20 of 1st period - Shot by Alexander Killorn.
13:20 of 1st period - Shot Misses the Net.
13:22 of 1st period - Shot by Calle Jarnkrok.
13:22 of 1st period - Deflect By Marcus Johansson.
13:22 of 1st period - Goal by Marcus Johansson - Flyers : 2 - Predators : 1.
13:23 of 1st period - Steven Stamkos wins face-off versus Casey Cizikas in neutral zone.
13:23 of 1st period - Vladislav Namestnikov is hit by Casey Cizikas and loses puck.
14:03 of 1st period - Shot by Nicklas Backstrom.
14:03 of 1st period - Stopped by Devan Dubnyk without a rebound.
14:04 of 1st period - Jean-Gabriel Pageau wins face-off versus Vincent Trocheck in Flyers zone.
14:34 of 1st period - Shot by Vincent Trocheck.
14:34 of 1st period - Shot Misses the Net.
14:42 of 1st period - Vincent Trocheck is hit by Jean-Gabriel Pageau and loses puck.
15:02 of 1st period - Icing by Jonathan Ericsson.
15:03 of 1st period - Steven Stamkos wins face-off versus Calle Jarnkrok in Flyers zone.
15:04 of 1st period - Shot by Nicklas Backstrom.
15:04 of 1st period - Stopped by Devan Dubnyk with a rebound.
15:06 of 1st period - Shot by Zbynek Michalek.
15:06 of 1st period - Shot Misses the Net.
15:28 of 1st period - Shot by Nicklas Backstrom.
15:28 of 1st period - Shot Misses the Net.
15:36 of 1st period - Shot by Steven Stamkos.
15:36 of 1st period - Deflect By Vladislav Namestnikov.
15:36 of 1st period - Stopped by Devan Dubnyk with a rebound.
16:31 of 1st period - Shot by Casey Cizikas.
16:31 of 1st period - Stopped by Pekka Rinne without a rebound.
16:32 of 1st period - J.T. Miller wins face-off versus Brian Gionta in Predators zone.
16:43 of 1st period - Off-side.
16:44 of 1st period - Chris VandeVelde wins face-off versus Vincent Trocheck in neutral zone.
16:55 of 1st period - Icing by Ben Hutton.
16:56 of 1st period - Nicklas Backstrom wins face-off versus Chris VandeVelde in Flyers zone.
17:00 of 1st period - Minor Penalty to Dan Boyle for Diving.
17:01 of 1st period - Vincent Trocheck wins face-off versus Casey Cizikas in Flyers zone.
17:18 of 1st period - Shot by Vincent Trocheck.
17:18 of 1st period - Stopped by Devan Dubnyk without a rebound.
17:19 of 1st period - Jaden Schwartz wins face-off versus Chris VandeVelde in Flyers zone.
18:19 of 1st period - Shot by Matt Hendricks.
18:19 of 1st period - Shot Blocked by Zach Bogosian.
18:51 of 1st period - Shot by Vincent Trocheck.
18:51 of 1st period - Stopped by Devan Dubnyk with a rebound.
19:39 of 1st period - Minor Penalty to J.T. Miller for Hooking.
19:40 of 1st period - Jean-Gabriel Pageau wins face-off versus Joe Colborne in Predators zone.
19:47 of 1st period - Shot by Jean-Gabriel Pageau.
19:47 of 1st period - Shot Misses the Net.
19:49 of 1st period - Shot by Jean-Gabriel Pageau.
19:49 of 1st period - Shot Misses the Net.
19:59 of 1st period - Shot by Marcus Johansson.
19:59 of 1st period - Stopped by Pekka Rinne without a rebound.
Goals for this period are 2 for Flyers vs 1 for Predators.
Shots for this period are 7 for Flyers vs 9 for Predators.

2nd period


0:01 of 2nd period - Calle Jarnkrok wins face-off versus Joe Colborne in neutral zone.
0:55 of 2nd period - Icing by Joel Ward.
0:56 of 2nd period - Jean-Gabriel Pageau wins face-off versus Joe Colborne in Flyers zone.
1:05 of 2nd period - Shot by Jean-Gabriel Pageau.
1:05 of 2nd period - Stopped by Pekka Rinne without a rebound.
1:06 of 2nd period - Jean-Gabriel Pageau wins face-off versus Joe Colborne in Predators zone.
1:33 of 2nd period - Shot by Marcus Johansson.
1:33 of 2nd period - Deflect By Jean-Gabriel Pageau.
1:33 of 2nd period - Shot Blocked by Oscar Klefbom.
1:37 of 2nd period - Shot by Dan Boyle.
1:37 of 2nd period - Shot Hit the Post.
2:01 of 2nd period - Icing by Andrew MacDonald.
2:02 of 2nd period - Derick Brassard wins face-off versus Chris VandeVelde in Flyers zone.
2:06 of 2nd period - Derick Brassard is hit by Ryan Ellis and loses puck.
2:19 of 2nd period - Shot by Max Pacioretty.
2:19 of 2nd period - Stopped by Devan Dubnyk without a rebound.
2:20 of 2nd period - Steven Stamkos wins face-off versus Andre Burakovsky in Flyers zone.
2:20 of 2nd period - Nicklas Backstrom is hit by Dan Boyle and loses puck.
2:27 of 2nd period - Shot by Jean-Gabriel Pageau.
2:27 of 2nd period - Shot Blocked by Oscar Klefbom.
2:33 of 2nd period - Shot by Jean-Gabriel Pageau.
2:33 of 2nd period - Stopped by Pekka Rinne without a rebound.
2:34 of 2nd period - Marcus Johansson wins face-off versus Vincent Trocheck in Predators zone.
2:41 of 2nd period - Shot by Marcus Johansson.
2:41 of 2nd period - Deflect By Calle Jarnkrok.
2:41 of 2nd period - Shot Misses the Net.
2:59 of 2nd period - Shot by Jaden Schwartz.
2:59 of 2nd period - Deflect By Joe Colborne.
2:59 of 2nd period - Shot Blocked by Damon Severson.
3:52 of 2nd period - Brian Gionta is hit by Zbynek Michalek.
4:01 of 2nd period - Brian Gionta is hit by Zbynek Michalek and loses puck.
4:04 of 2nd period - Shot by Brian Gionta.
4:04 of 2nd period - Stopped by Pekka Rinne with a rebound.
4:09 of 2nd period - Brian Gionta is hit by Zbynek Michalek and loses puck.
4:15 of 2nd period - Icing by Zbynek Michalek.
4:16 of 2nd period - Casey Cizikas wins face-off versus Steven Stamkos in Predators zone.
4:16 of 2nd period - Shawn Matthias is hit by Oscar Klefbom and loses puck.
4:17 of 2nd period - Minor Penalty to Oscar Klefbom for Roughing.
4:18 of 2nd period - Jean-Gabriel Pageau wins face-off versus J.T. Miller in Predators zone.
5:09 of 2nd period - Shot by Andre Burakovsky.
5:09 of 2nd period - Stopped by Pekka Rinne without a rebound.
5:10 of 2nd period - Max Pacioretty wins face-off versus Calle Jarnkrok in Predators zone.
5:42 of 2nd period - Shot by Ryan Ellis.
5:42 of 2nd period - Shot Misses the Net.
6:07 of 2nd period - Icing by Jean-Gabriel Pageau.
6:08 of 2nd period - Jean-Gabriel Pageau wins face-off versus Max Pacioretty in Flyers zone.
6:50 of 2nd period - Shot by Chris VandeVelde.
6:50 of 2nd period - Shot Misses the Net.
7:13 of 2nd period - Icing by Ryan Ellis.
7:14 of 2nd period - Calle Jarnkrok wins face-off versus Derick Brassard in Flyers zone.
7:40 of 2nd period - Alexander Killorn is hit by Max Pacioretty and loses puck.
8:03 of 2nd period - Shot by Jean-Gabriel Pageau.
8:03 of 2nd period - Shot Misses the Net.
8:51 of 2nd period - Off-side.
8:52 of 2nd period - Nicklas Backstrom wins face-off versus Chris VandeVelde in neutral zone.
9:10 of 2nd period - Icing by Zbynek Michalek.
9:11 of 2nd period - Calle Jarnkrok wins face-off versus Steven Stamkos in Predators zone.
9:14 of 2nd period - Shot by Marcus Johansson.
9:14 of 2nd period - Shot Blocked by Oscar Klefbom.
9:54 of 2nd period - Marcus Johansson is hit by Zbynek Michalek and loses puck.
9:55 of 2nd period - Minor Penalty to Oscar Klefbom for Boarding.
9:56 of 2nd period - J.T. Miller wins face-off versus Jean-Gabriel Pageau in Predators zone.
10:13 of 2nd period - Shot by Ryan Ellis.
10:13 of 2nd period - Shot Misses the Net.
10:15 of 2nd period - Shot by Damon Severson.
10:15 of 2nd period - Stopped by Pekka Rinne without a rebound.
10:16 of 2nd period - J.T. Miller wins face-off versus Calle Jarnkrok in Predators zone.
11:42 of 2nd period - Calle Jarnkrok is hit by Klas Dahlbeck and loses puck.
12:10 of 2nd period - Chris VandeVelde is hit by Zbynek Michalek and loses puck.
13:20 of 2nd period - Shot by T.J. Oshie.
13:20 of 2nd period - Stopped by Devan Dubnyk without a rebound.
13:21 of 2nd period - Vincent Trocheck wins face-off versus Casey Cizikas in Flyers zone.
13:21 of 2nd period - Joe Colborne is hit by Dan Boyle and loses puck.
13:28 of 2nd period - Shot by Casey Cizikas.
13:28 of 2nd period - Shot Blocked by Joe Colborne.
14:15 of 2nd period - Icing by Zbynek Michalek.
14:16 of 2nd period - Steven Stamkos wins face-off versus Calle Jarnkrok in Predators zone.
14:43 of 2nd period - Shot by Nicklas Backstrom.
14:43 of 2nd period - Goal by Nicklas Backstrom - Flyers : 2 - Predators : 2.
14:44 of 2nd period - Derick Brassard wins face-off versus Jean-Gabriel Pageau in neutral zone.
14:47 of 2nd period - Jean-Gabriel Pageau is hit by Max Pacioretty.
15:13 of 2nd period - Brian Gionta is hit by T.J. Oshie and loses puck.
15:54 of 2nd period - Shot by Nicklas Backstrom.
15:54 of 2nd period - Stopped by Devan Dubnyk without a rebound.
15:55 of 2nd period - Joe Colborne wins face-off versus Casey Cizikas in Flyers zone.
16:03 of 2nd period - Shot by Phillip Di Giuseppe.
16:03 of 2nd period - Shot Misses the Net.
16:13 of 2nd period - Shot by Joe Colborne.
16:13 of 2nd period - Shot Blocked by Damon Severson.
16:15 of 2nd period - Shot by Zbynek Michalek.
16:15 of 2nd period - Shot Misses the Net.
16:27 of 2nd period - Off-side.
16:28 of 2nd period - Steven Stamkos wins face-off versus Calle Jarnkrok in neutral zone.
17:37 of 2nd period - Shot by Brian Gionta.
17:37 of 2nd period - Shot Misses the Net.
17:53 of 2nd period - Shot by Max Pacioretty.
17:53 of 2nd period - Shot Blocked by Ben Hutton.
18:05 of 2nd period - Shot by Max Pacioretty.
18:05 of 2nd period - Stopped by Devan Dubnyk without a rebound.
18:06 of 2nd period - Casey Cizikas wins face-off versus Vincent Trocheck in Flyers zone.
18:25 of 2nd period - Shot by Jonathan Ericsson.
18:25 of 2nd period - Stopped by Pekka Rinne without a rebound.
18:26 of 2nd period - Calle Jarnkrok wins face-off versus Joe Colborne in Predators zone.
18:39 of 2nd period - Shot by Alexander Killorn.
18:39 of 2nd period - Shot Misses the Net.
19:39 of 2nd period - Shot by Casey Cizikas.
19:39 of 2nd period - Stopped by Pekka Rinne with a rebound.
19:41 of 2nd period - Shot by Dan Boyle.
19:41 of 2nd period - Shot Misses the Net.
Goals for this period are 0 for Flyers vs 1 for Predators.
Shots for this period are 7 for Flyers vs 5 for Predators.

3rd period


0:01 of 3rd period - Jean-Gabriel Pageau wins face-off versus Steven Stamkos in neutral zone.
0:10 of 3rd period - Shot by Brian Gionta.
0:10 of 3rd period - Deflect By Andre Burakovsky.
0:10 of 3rd period - Stopped by Pekka Rinne without a rebound.
0:11 of 3rd period - Casey Cizikas wins face-off versus Derick Brassard in Predators zone.
0:20 of 3rd period - Shot by Casey Cizikas.
0:20 of 3rd period - Shot Misses the Net.
0:22 of 3rd period - Shot by Ryan Ellis.
0:22 of 3rd period - Stopped by Pekka Rinne without a rebound.
0:23 of 3rd period - Jean-Gabriel Pageau wins face-off versus Steven Stamkos in Predators zone.
0:38 of 3rd period - Shot by Steven Stamkos.
0:38 of 3rd period - Stopped by Devan Dubnyk without a rebound.
0:39 of 3rd period - Derick Brassard wins face-off versus Casey Cizikas in Flyers zone.
0:54 of 3rd period - Shot by Max Pacioretty.
0:54 of 3rd period - Shot Misses the Net.
0:56 of 3rd period - Shot by Zbynek Michalek.
0:56 of 3rd period - Deflect By T.J. Oshie.
0:56 of 3rd period - Shot Misses the Net.
0:58 of 3rd period - Shot by Derick Brassard.
0:58 of 3rd period - Stopped by Devan Dubnyk with a rebound.
1:06 of 3rd period - Shot by Derick Brassard.
1:06 of 3rd period - Shot Blocked by Casey Cizikas.
1:08 of 3rd period - Shot by Derick Brassard.
1:08 of 3rd period - Stopped by Devan Dubnyk without a rebound.
1:09 of 3rd period - Jean-Gabriel Pageau wins face-off versus Steven Stamkos in Flyers zone.
1:44 of 3rd period - Shot by Steven Stamkos.
1:44 of 3rd period - Goal by Steven Stamkos - Flyers : 2 - Predators : 3.
1:45 of 3rd period - Casey Cizikas wins face-off versus T.J. Oshie in neutral zone.
1:47 of 3rd period - Ryan Ellis is hit by T.J. Oshie and loses puck.
1:54 of 3rd period - Shot by T.J. Oshie.
1:54 of 3rd period - Shot Misses the Net.
1:56 of 3rd period - Shot by Oscar Klefbom.
1:56 of 3rd period - Shot Misses the Net.
1:58 of 3rd period - Shot by Zbynek Michalek.
1:58 of 3rd period - Stopped by Devan Dubnyk without a rebound.
1:59 of 3rd period - Vincent Trocheck wins face-off versus Calle Jarnkrok in Flyers zone.
2:14 of 3rd period - Minor Penalty to Klas Dahlbeck for Hooking.
2:15 of 3rd period - Jean-Gabriel Pageau wins face-off versus J.T. Miller in Predators zone.
2:25 of 3rd period - Shot by Joel Ward.
2:25 of 3rd period - Stopped by Pekka Rinne without a rebound.
2:26 of 3rd period - J.T. Miller wins face-off versus Calle Jarnkrok in Predators zone.
2:53 of 3rd period - Shot by Dan Boyle.
2:53 of 3rd period - Shot Blocked by Zbynek Michalek.
4:17 of 3rd period - Shot by Matt Hendricks.
4:17 of 3rd period - Stopped by Pekka Rinne without a rebound.
4:18 of 3rd period - Vladislav Namestnikov wins face-off versus Chris VandeVelde in Predators zone.
4:32 of 3rd period - Icing by Shawn Matthias.
4:33 of 3rd period - Derick Brassard wins face-off versus Matt Hendricks in Flyers zone.
4:36 of 3rd period - Shot by Max Pacioretty.
4:36 of 3rd period - Shot Blocked by Ryan Ellis.
4:38 of 3rd period - Shot by John Moore.
4:38 of 3rd period - Stopped by Devan Dubnyk with a rebound.
4:40 of 3rd period - Shot by T.J. Oshie.
4:40 of 3rd period - Shot Misses the Net.
4:42 of 3rd period - Shot by T.J. Oshie.
4:42 of 3rd period - Stopped by Devan Dubnyk without a rebound.
4:43 of 3rd period - Andre Burakovsky wins face-off versus Steven Stamkos in Flyers zone.
4:50 of 3rd period - Shot by Brian Gionta.
4:50 of 3rd period - Stopped by Pekka Rinne without a rebound.
4:51 of 3rd period - Steven Stamkos wins face-off versus Jean-Gabriel Pageau in Predators zone.
5:26 of 3rd period - Shot by Steven Stamkos.
5:26 of 3rd period - Goal by Steven Stamkos - Flyers : 2 - Predators : 4.
5:27 of 3rd period - Derick Brassard wins face-off versus Calle Jarnkrok in neutral zone.
5:27 of 3rd period - Derick Brassard is hit by Alexander Killorn.
5:34 of 3rd period - Minor Penalty to Alexander Killorn for Hooking.
5:35 of 3rd period - Jaden Schwartz wins face-off versus Chris VandeVelde in Flyers zone.
5:36 of 3rd period - Shot by Zach Bogosian.
5:36 of 3rd period - Shot Misses the Net.
5:38 of 3rd period - Shot by J.T. Miller.
5:38 of 3rd period - Stopped by Devan Dubnyk without a rebound.
5:39 of 3rd period - Chris VandeVelde wins face-off versus Vincent Trocheck in Flyers zone.
5:39 of 3rd period - Chris VandeVelde is hit by Steven Stamkos.
6:05 of 3rd period - Shot by Steven Stamkos.
6:05 of 3rd period - Stopped by Devan Dubnyk without a rebound.
6:06 of 3rd period - Chris VandeVelde wins face-off versus Jaden Schwartz in Flyers zone.
6:28 of 3rd period - Shot by Max Pacioretty.
6:28 of 3rd period - Shot Misses the Net.
6:30 of 3rd period - Shot by Klas Dahlbeck.
6:30 of 3rd period - Shot Blocked by Jonathan Ericsson.
6:32 of 3rd period - Shot by Max Pacioretty.
6:32 of 3rd period - Stopped by Devan Dubnyk without a rebound.
6:33 of 3rd period - Casey Cizikas wins face-off versus Vincent Trocheck in Flyers zone.
7:43 of 3rd period - Shot by T.J. Oshie.
7:43 of 3rd period - Shot Misses the Net.
7:48 of 3rd period - Minor Penalty to Zbynek Michalek for Cross-checking.
7:49 of 3rd period - J.T. Miller wins face-off versus Jean-Gabriel Pageau in Predators zone.
7:49 of 3rd period - J.T. Miller is hit by Jean-Gabriel Pageau.
8:13 of 3rd period - Shot by Ryan Ellis.
8:13 of 3rd period - Stopped by Pekka Rinne with a rebound.
9:01 of 3rd period - Shot by Calle Jarnkrok.
9:01 of 3rd period - Shot Hit the Post.
9:03 of 3rd period - Shot by Alexander Killorn.
9:03 of 3rd period - Stopped by Pekka Rinne without a rebound.
9:04 of 3rd period - Calle Jarnkrok wins face-off versus Max Pacioretty in Predators zone.
9:09 of 3rd period - Shot by Calle Jarnkrok.
9:09 of 3rd period - Stopped by Pekka Rinne without a rebound.
9:10 of 3rd period - Max Pacioretty wins face-off versus Jean-Gabriel Pageau in Predators zone.
9:50 of 3rd period - Shot by Shawn Matthias.
9:50 of 3rd period - Goal by Shawn Matthias - Flyers : 3 - Predators : 4.
9:51 of 3rd period - Nicklas Backstrom wins face-off versus Chris VandeVelde in neutral zone.
10:06 of 3rd period - Ryan Ellis is hit by Zbynek Michalek and loses puck.
10:09 of 3rd period - Shot by Matt Hendricks.
10:09 of 3rd period - Shot Hit the Post.
10:15 of 3rd period - Shot by Matt Hendricks.
10:15 of 3rd period - Stopped by Pekka Rinne with a rebound.
10:17 of 3rd period - Shot by Chris VandeVelde.
10:17 of 3rd period - Shot Misses the Net.
10:18 of 3rd period - Minor Penalty to Zbynek Michalek for Interference.
10:19 of 3rd period - J.T. Miller wins face-off versus Calle Jarnkrok in Predators zone.
10:19 of 3rd period - J.T. Miller is hit by Andre Burakovsky.
10:20 of 3rd period - J.T. Miller from Predators is injured at 10:20 of 3rd period (Left Knee).
10:21 of 3rd period - Joe Colborne wins face-off versus Calle Jarnkrok in Predators zone.
11:02 of 3rd period - Shot by Andre Burakovsky.
11:02 of 3rd period - Stopped by Pekka Rinne without a rebound.
11:03 of 3rd period - Jean-Gabriel Pageau wins face-off versus Joe Colborne in Predators zone.
11:06 of 3rd period - Shot by Marcus Johansson.
11:06 of 3rd period - Shot Misses the Net.
11:08 of 3rd period - Shot by Marcus Johansson.
11:08 of 3rd period - Goal by Marcus Johansson - Flyers : 4 - Predators : 4.
11:09 of 3rd period - Casey Cizikas wins face-off versus Steven Stamkos in neutral zone.
11:14 of 3rd period - Shot by Joel Ward.
11:14 of 3rd period - Shot Misses the Net.
11:16 of 3rd period - Shot by Shawn Matthias.
11:16 of 3rd period - Stopped by Pekka Rinne without a rebound.
11:17 of 3rd period - Joel Ward wins face-off versus Steven Stamkos in Predators zone.
11:34 of 3rd period - Shot by Joel Ward.
11:34 of 3rd period - Stopped by Pekka Rinne without a rebound.
11:35 of 3rd period - Derick Brassard wins face-off versus Jean-Gabriel Pageau in Predators zone.
12:39 of 3rd period - Shot by Marcus Johansson.
12:39 of 3rd period - Shot Misses the Net.
13:22 of 3rd period - Icing by Zbynek Michalek.
13:23 of 3rd period - Casey Cizikas wins face-off versus Steven Stamkos in Predators zone.
13:30 of 3rd period - Shot by Casey Cizikas.
13:30 of 3rd period - Shot Blocked by Oscar Klefbom.
13:38 of 3rd period - Shot by Shawn Matthias.
13:38 of 3rd period - Goal by Shawn Matthias - Flyers : 5 - Predators : 4.
13:39 of 3rd period - Chris VandeVelde wins face-off versus Joe Colborne in neutral zone.
13:48 of 3rd period - Shot by Shawn Matthias.
13:48 of 3rd period - Shot Misses the Net.
13:54 of 3rd period - Shot by Matt Hendricks.
13:54 of 3rd period - Deflect By Shawn Matthias.
13:54 of 3rd period - Stopped by Pekka Rinne without a rebound.
13:55 of 3rd period - Joe Colborne wins face-off versus Jean-Gabriel Pageau in Predators zone.
13:55 of 3rd period - Joe Colborne is hit by Jean-Gabriel Pageau.
14:21 of 3rd period - Off-side.
14:22 of 3rd period - Steven Stamkos wins face-off versus Calle Jarnkrok in neutral zone.
14:28 of 3rd period - Icing by Calle Jarnkrok.
14:29 of 3rd period - Calle Jarnkrok wins face-off versus Steven Stamkos in Flyers zone.
14:36 of 3rd period - Nicklas Backstrom is hit by Alexander Killorn.
14:44 of 3rd period - Shot by Nicklas Backstrom.
14:44 of 3rd period - Shot Blocked by Ryan Ellis.
14:46 of 3rd period - Shot by Zach Bogosian.
14:46 of 3rd period - Shot Misses the Net.
14:52 of 3rd period - Shot by Steven Stamkos.
14:52 of 3rd period - Shot Misses the Net.
14:54 of 3rd period - Shot by Steven Stamkos.
14:54 of 3rd period - Deflect By Nicklas Backstrom.
14:54 of 3rd period - Stopped by Devan Dubnyk without a rebound.
14:55 of 3rd period - Jean-Gabriel Pageau wins face-off versus Vincent Trocheck in Flyers zone.
15:53 of 3rd period - Shot by Damon Severson.
15:53 of 3rd period - Stopped by Pekka Rinne without a rebound.
15:54 of 3rd period - Steven Stamkos wins face-off versus Calle Jarnkrok in Predators zone.
16:01 of 3rd period - Shot by Steven Stamkos.
16:01 of 3rd period - Stopped by Devan Dubnyk with a rebound.
16:15 of 3rd period - Off-side.
16:16 of 3rd period - Casey Cizikas wins face-off versus Derick Brassard in neutral zone.
16:21 of 3rd period - John Moore is hit by Shawn Matthias and loses puck.
16:40 of 3rd period - Shot by T.J. Oshie.
16:40 of 3rd period - Shot Blocked by Andrew MacDonald.
17:25 of 3rd period - Shot by Nicklas Backstrom.
17:25 of 3rd period - Stopped by Devan Dubnyk without a rebound.
17:26 of 3rd period - Jean-Gabriel Pageau wins face-off versus Steven Stamkos in Flyers zone.
17:58 of 3rd period - Vladislav Namestnikov is hit by Damon Severson and loses puck.
18:05 of 3rd period - Shot by Nicklas Backstrom.
18:05 of 3rd period - Shot Misses the Net.
18:28 of 3rd period - Joe Colborne is hit by Jean-Gabriel Pageau and loses puck.
18:39 of 3rd period - Vincent Trocheck is hit by Damon Severson and loses puck.
18:52 of 3rd period - Shot by Jaden Schwartz.
18:52 of 3rd period - Stopped by Devan Dubnyk without a rebound.
18:53 of 3rd period - Derick Brassard wins face-off versus Casey Cizikas in Flyers zone.
19:00 of 3rd period - Predators, Pekka Rinne is pulled from the net.
19:00 of 3rd period - Shot by Derick Brassard.
19:00 of 3rd period - Shot Misses the Net.
19:31 of 3rd period - Shot by Max Pacioretty.
19:31 of 3rd period - Shot Misses the Net.
Goals for this period are 3 for Flyers vs 2 for Predators.
Shots for this period are 17 for Flyers vs 15 for Predators.